 Dungeon Crawl Stone Soup version 0.30.0-17-ge0270778cf (webtiles) character file.

Game seed: 13181438112852598597

13 NateTC the Shooter (level 2, 0/14 HPs)
             Began as a Spriggan Hunter on May 21, 2023.
             Succumbed to an adder's poison
             ... on level 2 of the Dungeon.
             The game lasted 00:01:00 (313 turns).

NateTC the Shooter (Spriggan Hunter)                 Turns: 313, Time: 00:01:00

Health: 0/14       AC:  2    Str:  7    XL:     2   Next: 24%
Magic:  3/3        EV: 17    Int: 10    God:
Gold:   16         SH:  0    Dex: 18    Spells: 1/1 levels left

rFire   . . .        a - +0 shortbow
rCold   . . .        (shield currently unavailable)
rNeg    . . .        c - +0 robe
rPois   .            (helmet restricted)
rElec   .            (no cloak)
rCorr   .            (gloves unavailable)
SInv    +            (boots unavailable)
Will    .....        (no amulet)
Stlth   ++           (no ring)
HPRegen 0.22/turn    (no ring)
MPRegen 0.08/turn

%: no passive effects
@: lethally poisoned (0 -> -2), very quick
A: very small, no large weapons, unfitting armour, see invisible, speed 3
a: no special abilities


You were on level 2 of the Dungeon.
You visited 1 branch of the dungeon, and saw 2 of its levels.

You collected 16 gold pieces.

Inventory:

Hand Weapons
 a - a +0 shortbow (weapon)
Armour
 c - a +0 robe (worn)
Scrolls
 b - a scroll of immolation
 h - a scroll of identify {unknown}
Potions
 d - a potion of heal wounds {unknown}
 e - a potion of might {unknown}
 f - a potion of magic {unknown}
 g - a potion of degeneration {unknown}


   Skills:
 - Level 1.5 Fighting
 * Level 4.6 Ranged Weapons
 - Level 2.6 Dodging
 - Level 1.5 Stealth


You had one spell level left.
You didn't know any spells.
Your spell library was empty.

Dungeon Overview and Level Annotations

Branches:
Dungeon (1/15) Zot: 11787

Altars:

Shops:
D:2 =


Innate Abilities, Weirdness & Mutations

You are very small and have problems with some larger weapons.
You are too small for most types of armour.
You have supernaturally acute eyesight. (SInv)
You cover ground extremely quickly. (Speed+++)


Message History

A bat comes into view.
The bat closely misses you. The bat misses you.
An endoplasm comes into view.
You shoot an arrow. The arrow hits the bat.
You kill the bat!
You shoot an arrow. The arrow hits the endoplasm.
The endoplasm is almost dead.
The endoplasm quivers.
You shoot an arrow.
The arrow hits the endoplasm but does no damage.
The endoplasm is almost dead.
Found a stone staircase leading down.
An adder and a hobgoblin come into view.
Found a scroll labelled SAATHRI HABEXO.
The adder hisses angrily.
The hobgoblin shouts!
You shoot an arrow. The arrow closely misses the adder.
The arrow barely misses the hobgoblin.
The adder barely misses you. The hobgoblin hits you. The adder bites you.
The hobgoblin closely misses you.
You shoot an arrow. The arrow completely misses the adder.
The arrow hits the hobgoblin but does no damage.
The adder bites you.
You shoot an arrow. The arrow barely misses the adder.
The arrow hits the hobgoblin.
The hobgoblin is almost dead.
The adder bites you.
You are poisoned.
The adder poisons you! The endoplasm completely misses you.
You feel sick.
You feel sick. The adder bites you.
* * * LOW HITPOINT WARNING * * *
You feel sick. The endoplasm freezes you.
You are frozen.
* * * LOW HITPOINT WARNING * * *
* * * LOW HITPOINT WARNING * * *
You feel sick. The hobgoblin barely misses you. The endoplasm misses you.
You die...

##...............#.#.#.# #.#
#>............w........# #.#
#.........†..........### #?#
#..........K......g.#######.#
............g..g........gg...
...........#######.#####.#.#
###....#### #... #.#.#
#....############. #.#.#
#....g..@.JS.# ........
#.......gKJ..# .##.#.#
.?....#.......g.# ..#>#.#
.......#.........# ...#.#
.......#.........#
.......########### #######


You could see a gnoll, an adder, 2 endoplasms, 2 hobgoblins and a kobold.

Vanquished Creatures
  2 endoplasms (D:1)
  A giant cockroach (D:1)
  A goblin (D:1)
  A hobgoblin (D:1)
  3 bats
  3 kobolds
11 creatures vanquished.

Notes
Turn   | Place    | Note
-------+----------+-------------------------------------------
     0 | D:1      | NateTC the Spriggan Hunter began the quest for the Orb.
     0 | D:1      | Reached XP level 1. HP: 10/10 MP: 2/2
   208 | D:1      | Reached XP level 2. HP: 14/14 MP: 3/3
   246 | D:1      | You fall into a shaft and drop 1 floor!
   278 | D:2      | Found Xuad Rum's Jewellery Boutique.
   313 | D:2      | Succumbed to an adder's poison

Illustrated notes

Levels and vault maps discovered:
D:1:      moated_graveyard_arrival, layout_basic
D:2:      layout_basic, serial_shops, nicolae_shop_gaudy_bauble,
          minmay_ruptured, uniq_natasha

Action                     || total
---------------------------++-------
   Fire: Shortbow          ||    33
 Armour: Robe              ||     1
  Dodge: Dodged            ||    17
